[Event "Team 45 45 League T40"]
[Site "Internet Chess Club"]
[Date "2009.02.21"]
[Round "4"]
[White "Zebbile"]
[Black "alastorx"]
[Result "0-1"]
[WhiteElo "1881"]
[BlackElo "1904"]
[Opening "Réti opening"]
[ECO "A05"]
[Time "23:00:14"]
[TimeControl "2700+45"]

1. Nf3 Nf6 2. b3 d5 3. c4 Bg4 4. Ne5 Bf5 5. Bb2 Nbd7 6. cxd5 Nxd5 7. d3 Nxe5 8.
Bxe5 Bg6 9. e4 Nf6 10. Be2 e6 11. O-O Bc5 12. d4 Bd6 13. Bxf6 gxf6 14. Nc3 Bb4
15. Rc1 Bxc3 16. Rxc3 Bxe4 17. Bf3 Bxf3 18. Qxf3 c6 19. Rd1 Rc8 20. Qg3 Ke7 21.
Qe3 Rg8 22. d5 cxd5 23. Rxc8 Qxc8 24. Qxa7 Qc6 25. Qa3+ Qd6 26. Qa5 Rc8 27. h3
Rc2 28. Qa8 Qb6 29. Rf1 Qa6 30. Qb8 Qb6 31. Qa8 e5 32. Qa4 e4 33. b4 Rd2 34. Qa3
d4 35. b5+ Qd6 36. Qb3 Qc5 37. Qb1 e3 38. Qe4+ Kf8 39. fxe3 dxe3 40. Kh1 e2 41.
Rb1 Rd1+ 42. Kh2 Qg1+ 43. Kg3 e1=Q+ {White resigns} 0-1

[Event "Team 45 45 League T40"]
[Site "Internet Chess Club"]
[Date "2009.02.20"]
[Round "4"]
[White "NFK"]
[Black "pishd"]
[Result "1/2-1/2"]
[WhiteElo "1697"]
[BlackElo "1806"]
[Opening "Caro-Kann: advance variation"]
[ECO "B12"]
[Time "14:14:37"]
[TimeControl "2700+45"]

1. e4 c6 2. d4 d5 3. e5 Na6 4. Nf3 Bg4 5. Be2 g6 6. c3 Nc7 7. Nbd2 Nh6 8. Nf1
Bg7 9. Ne3 Bxf3 10. Bxf3 Qd7 11. O-O O-O 12. Re1 b6 13. Qd3 e6 14. b3 Kh8 15.
Ba3 Rfd8 16. Rad1 a5 17. Bc1 Bf8 18. h4 Nf5 19. h5 Ra7 20. hxg6 fxg6 21. Ng4 Ne8
22. g3 c5 23. Kg2 cxd4 24. cxd4 Rc8 25. Rh1 Qc6 26. Bd2 Qc2 27. Qb5 Qc6 28. Qd3
Qc2 29. Qb5 Qc6 30. Qd3 {Game drawn by repetition} 1/2-1/2

[Event "Team 45 45 League T40"]
[Site "Internet Chess Club"]
[Date "2009.02.22"]
[Round "4"]
[White "Bill-W"]
[Black "Egmont"]
[Result "0-1"]
[WhiteElo "1753"]
[BlackElo "1726"]
[Opening "Robatsch (modern) defense"]
[ECO "B07"]
[Time "12:54:51"]
[TimeControl "2700+45"]

1. e4 d6 2. d4 g6 3. Nc3 Bg7 4. Be3 c6 5. Bd3 e5 6. Nge2 b5 7. a3 a5 8. Qd2 Nd7
9. O-O Ngf6 10. Bh6 O-O 11. Bxg7 Kxg7 12. d5 cxd5 13. exd5 Ba6 14. Bxb5 Bxb5 15.
Nxb5 Nb6 16. Nec3 a4 17. f4 Nc4 18. Qe2 Qb6+ 19. Kh1 Ne3 20. fxe5 Nfxd5 21. Nxd5
Nxd5 22. Rfd1 Nf4 23. Rxd6 Qxd6 24. Qe4 Qd2 25. Rf1 Ne6 26. Nd6 Rad8 27. Qxa4
Qe2 28. Rb1 Qxe5 29. Nc4 Qd5 30. h3 Qe4 31. Qb3 Nd4 32. Qd3 Qxd3 33. cxd3 Nb3
{White resigns} 0-1

[Event "Team 45 45 League T40"]
[Site "Internet Chess Club"]
[Date "2009.02.22"]
[Round "4"]
[White "BrerRabbit"]
[Black "jacknor"]
[Result "1-0"]
[WhiteElo "1584"]
[BlackElo "1613"]
[Opening "English opening"]
[ECO "A10"]
[Time "19:01:51"]
[TimeControl "2700+45"]

1. c4 g6 2. g3 Bg7 3. Bg2 e5 4. Nc3 Ne7 5. e4 d6 6. Nge2 O-O 7. O-O Nbc6 8. d3
f5 9. Bg5 h6 10. Bxe7 Nxe7 11. Nd5 c6 12. Ndc3 Be6 13. b3 f4 14. f3 g5 15. g4 h5
16. h3 hxg4 17. hxg4 a6 18. Qd2 b5 19. a3 d5 20. cxd5 cxd5 21. Qb2 Qb6+ 22. Kh2
Kf7 23. Ng1 Rh8+ 24. Bh3 Rh4 25. b4 Rah8 26. Qf2 Qb8 27. Rac1 d4 28. Nd1 Bxg4
29. fxg4 Rxg4 30. Qf3 Rg3 31. Qf2 Rxd3 32. Kg2 Rxa3 33. Nf3 Qd6 34. Qb2 Ra4 35.
Qb3+ Kg6 36. Nf2 Rxb4 37. Qe6+ Qxe6 38. Bxe6 Kf6 39. Bd5 g4 40. Nxg4+ Kg6 41.
Ngxe5+ Bxe5 42. Nxe5+ Kf6 43. Nd3 Nxd5 44. exd5 Rg8+ 45. Kf3 Rb3 46. Ke4 Rg3 47.
Rxf4+ Ke7 48. Nc5 Rge3+ 49. Kxd4 Ra3 50. Rh4 Rg3 51. Rh6 Rg4+ 52. Ke5 Rg5+ 53.
Ke4 Rg4+ 54. Kf5 Rag3 55. Ne4 Rg2 56. Rc7+ Kd8 57. d6 Rg8 58. Ra7 Rf8+ 59. Rf6
Rxf6+ 60. Kxf6 Re2 61. Nc5 Rf2+ 62. Ke5 Re2+ 63. Kd5 {Black resigns} 1-0

[Event "Team 45 45 League T40"]
[Site "Internet Chess Club"]
[Date "2009.02.22"]
[Round "4"]
[White "qs16"]
[Black "chess9397"]
[Result "0-1"]
[WhiteElo "1789"]
[BlackElo "1917"]
[Opening "Queen's pawn game"]
[ECO "A45"]
[Time "10:57:42"]
[TimeControl "2700+45"]

1. d4 Nf6 2. e3 e6 3. Bd3 Be7 4. Nd2 d5 5. f4 Nbd7 6. Ngf3 c5 7. c3 b6 8. O-O
O-O 9. Ne5 Bb7 10. Rf3 Ne4 11. Nxd7 Qxd7 12. Rh3 h6 13. Qf3 f5 14. Qe2 a6 15.
Nf3 Qc7 16. Ne5 Bd6 17. Qh5 Kh7 18. Qg6+ Kh8 19. Bxe4 fxe4 20. Ng4 Qf7 21. Ne5
Bxe5 22. Qxf7 Rxf7 23. dxe5 Rd8 24. b3 Kh7 25. Ba3 d4 26. exd4 cxd4 27. cxd4
Rxd4 28. g3 Rfd7 29. Bd6 Rd8 30. Rc1 e3 31. Re1 Rd2 32. g4 Rc8 33. Rhxe3 Rcc2
34. Rg3 Rxh2 35. Kf1 Bg2+ 36. Rxg2 Rhxg2 37. Rd1 Rgf2+ 38. Kg1 Rxf4 39. a3 Rxg4+
40. Kf1 Rg3 41. Bb4 Rxb3 42. Be7 Rh3 43. Kg1 a5 44. Bf8 Re3 45. Bd6 b5 46. Kf1
Re4 47. Rb1 Rec4 48. Rxb5 a4 49. Rb7 Ra2 50. Rb1 h5 51. Kg1 Kh6 52. Rf1 Rcc2 53.
Rd1 h4 {White resigns} 0-1

[Event "Team 45 45 League T40"]
[Site "Internet Chess Club"]
[Date "2009.02.23"]
[Round "4"]
[White "cityprosecutor"]
[Black "upsan"]
[Result "1/2-1/2"]
[WhiteElo "1779"]
[BlackElo "1876"]
[Opening "French: King's Indian attack"]
[ECO "C00"]
[Time "18:00:15"]
[TimeControl "2700+45"]

1. e4 e6 2. d3 d5 3. Nd2 c5 4. g3 Nc6 5. Bg2 Nf6 6. Ngf3 Be7 7. O-O dxe4 8. dxe4
e5 9. c3 O-O 10. Qe2 a6 11. a4 h6 12. Nc4 Qc7 13. h3 Be6 14. Nh4 Nh7 15. Nf5
Bxc4 16. Qxc4 Na5 17. Qe2 Bf6 18. Qg4 Kh8 19. b4 Nb3 20. Rb1 Nxc1 21. Rfxc1 c4
22. b5 axb5 23. axb5 Ra2 {Game drawn by mutual agreement} 1/2-1/2

[Event "Team 45 45 League T40"]
[Site "Internet Chess Club"]
[Date "2009.02.21"]
[Round "4"]
[White "rom1"]
[Black "arrabi"]
[Result "1-0"]
[WhiteElo "1611"]
[BlackElo "1646"]
[Opening "QGD Slav/Grünfeld: Schlechter variation"]
[ECO "D15"]
[Time "14:07:08"]
[TimeControl "2700+45"]

1. d4 d5 2. c4 Nf6 3. Nc3 c6 4. Nf3 g6 5. cxd5 cxd5 6. Bg5 Bg7 7. e3 a6 8. a4
O-O 9. Be2 Bf5 10. Bd3 Bg4 11. h3 Be6 12. O-O h6 13. Bh4 Nc6 14. Qb3 Na5 15. Qb4
Re8 16. Ne5 Nc6 17. Nxc6 bxc6 18. Qa3 Nh5 19. Ne2 Qd7 20. Rac1 Rec8 21. Rc5 f5
22. Ra5 g5 23. Bg3 Nxg3 24. fxg3 Qb7 25. Bxf5 Bxf5 26. Rxf5 e6 27. Rf1 Qb6 28.
Qc3 Bf8 29. Qd3 Qxa5 30. Qg6+ Bg7 31. Rf7 Qe1+ 32. Kh2 {Black disconnected and
forfeits} 1-0

[Event "Team 45 45 League T40"]
[Site "Internet Chess Club"]
[Date "2009.02.22"]
[Round "4"]
[White "byebyebadman"]
[Black "oldsj"]
[Result "1-0"]
[WhiteElo "1786"]
[BlackElo "1586"]
[Opening "Ruy Lopez: Anderssen variation"]
[ECO "C77"]
[Time "13:01:33"]
[TimeControl "2700+45"]

1. e4 e5 2. Nf3 Nc6 3. Bb5 a6 4. Ba4 Nf6 5. d3 b5 6. Bb3 d5 7. exd5 Nxd5 8. O-O
Be7 9. Re1 Bg4 10. h3 Bh5 11. g4 Bg6 12. Nxe5 Nxe5 13. Rxe5 c6 14. Qe1 Ra7 15.
Nc3 Nxc3 16. Qxc3 Rc7 17. Bf4 c5 18. Rxe7+ Rxe7 19. Qxc5 O-O 20. Bg5 Rc7 21.
Bxd8 Rxc5 22. Be7 Re5 23. Bxf8 Kxf8 24. Kf1 a5 25. Re1 Rc5 26. a4 f6 27. d4 Rxc2
28. Bxc2 Bxc2 29. axb5 Bd3+ 30. Kg2 Bxb5 31. f4 Bc6+ 32. Kf2 a4 33. Ke3 Ke7 34.
Kd3+ Kd6 35. Kc4 Bd7 36. b3 Be6+ 37. Rxe6+ Kxe6 38. bxa4 g5 39. f5+ Kd6 40. a5
Kc6 41. d5+ Kc7 42. Kc5 Kb7 43. a6+ Kc7 44. d6+ Kb8 45. Kc6 Ka8 46. d7 Ka7 47.
Kb5 h5 48. d8=Q hxg4 49. Qb6+ {Black resigns} 1-0

[Event "Team 45 45 League T40"]
[Site "Internet Chess Club"]
[Date "2009.02.22"]
[Round "4"]
[White "chess92192"]
[Black "RodJohnstone"]
[Result "1-0"]
[WhiteElo "1914"]
[BlackElo "1830"]
[Opening "Queen's gambit accepted"]
[ECO "D20"]
[Time "15:52:00"]
[TimeControl "2700+45"]

1. d4 d5 2. c4 dxc4 3. e3 Nf6 4. Bxc4 e6 5. Nc3 a6 6. Nf3 c5 7. O-O b5 8. Bd3
Bb7 9. dxc5 Bxc5 10. Be2 Qxd1 11. Rxd1 Nbd7 12. a3 O-O 13. b4 Be7 14. Bb2 Rfd8
15. Rd2 Ne4 16. Nxe4 Bxe4 17. Rad1 Nf6 18. Rxd8+ Rxd8 19. Rxd8+ Bxd8 20. Nd2 Bd5
21. f3 Bb6 22. Kf2 Nd7 23. Bd3 f6 24. Ke2 Bc7 25. e4 Bb7 26. g3 Ne5 27. Bc2 a5
28. f4 Nc6 29. bxa5 Nxa5 30. Bc3 Kf7 31. Bd3 Bc6 32. Bb4 h6 33. Nf3 Nc4 34. Nd4
Bd7 35. a4 e5 36. Nxb5 Bxb5 37. axb5 Nb2 38. f5 Bb6 39. Bc2 Ke8 40. Bb3 {Black
resigns} 1-0

[Event "Team 45 45 League T40"]
[Site "Internet Chess Club"]
[Date "2009.02.21"]
[Round "4"]
[White "johnnyperez"]
[Black "Boro"]
[Result "1-0"]
[WhiteElo "1611"]
[BlackElo "1886"]
[Opening "two knights: Max Lange attack, Schlechter variation"]
[ECO "C50"]
[Time "08:00:39"]
[TimeControl "2700+45"]

1. e4 e5 2. Nf3 Nc6 3. Bc4 Bc5 4. O-O Nf6 5. d4 exd4 6. e5 d5 7. exf6 dxc4 8.
Re1+ Be6 9. fxg7 Rg8 10. Bg5 Qd5 11. Nc3 Qf5 12. Ne4 Rxg7 13. Nh4 Qxe4 14. Rxe4
Rxg5 15. Nf3 Rd5 16. Qe2 d3 17. cxd3 cxd3 18. Rxe6+ fxe6 19. Qxe6+ Ne7 20. Re1
Rad8 21. Ne5 Rxe5 22. Qxe5 d2 23. Rd1 Bd4 24. Qh5+ {Black resigns} 1-0

[Event "Team 45 45 League T40"]
[Site "Internet Chess Club"]
[Date "2009.02.22"]
[Round "4"]
[White "John3v16"]
[Black "Ehab"]
[Result "1-0"]
[WhiteElo "1718"]
[BlackElo "1800"]
[Opening "English opening"]
[ECO "A10"]
[Time "07:10:06"]
[TimeControl "2700+45"]

1. c4 d5 2. cxd5 Qxd5 3. Nc3 Qd6 4. d4 Nf6 5. e4 e5 6. dxe5 Qxe5 7. Nf3 Qa5 8.
Bd2 Bb4 9. a3 Bxc3 10. Bxc3 Qh5 11. Be2 Bg4 12. O-O O-O 13. h3 Be6 14. Nd4 Qg6
15. Nxe6 fxe6 16. Bd3 Qf7 17. Qb3 c6 18. f4 Nfd7 19. Qxb7 Nc5 20. Qxf7+ Kxf7 21.
Bc4 Nbd7 22. f5 Nb6 23. fxe6+ Kg6 24. Rxf8 Rxf8 25. e7 Re8 26. Bb4 Nxc4 27. Bxc5
Nxb2 28. Rf1 Nd3 29. Rf8 Nxc5 30. Rxe8 Kf7 31. Ra8 Kxe7 32. Rxa7+ Kf6 33. Rc7
Nxe4 34. Rxc6+ Ke7 35. Rc7+ {Black resigns} 1-0

[Event "Team 45 45 League T40"]
[Site "Internet Chess Club"]
[Date "2009.02.22"]
[Round "4"]
[White "Warpdrive"]
[Black "chesskix"]
[Result "1/2-1/2"]
[WhiteElo "1786"]
[BlackElo "1530"]
[Opening "Philidor's defense"]
[ECO "C41"]
[Time "20:01:36"]
[TimeControl "2700+45"]

1. e4 e5 2. Nf3 d6 3. d4 Nc6 4. dxe5 dxe5 5. Qxd8+ Kxd8 6. a3 f6 7. Nc3 a6 8.
Be3 Be6 9. Be2 Bd6 10. Rd1 Ke7 11. Nd5+ Kf7 12. c4 Nd4 13. Bxd4 exd4 14. Nxd4
Ne7 15. Nxe6 Kxe6 16. O-O h5 17. f4 Nxd5 18. cxd5+ Ke7 19. Bc4 b5 20. Bb3 h4 21.
Rde1 Raf8 22. e5 fxe5 23. fxe5 Bc5+ 24. Kh1 Rxf1+ 25. Rxf1 Rf8 26. Rxf8 Kxf8 27.
a4 bxa4 28. Bxa4 a5 29. e6 Ke7 30. Bc2 g5 31. b3 Kd6 32. g3 Kxd5 33. Bf5 Kd4 34.
gxh4 gxh4 35. Bg4 Kc3 36. Bd1 Kd2 37. Bf3 Kc1 38. Kg2 Kb2 39. Bd5 Kc3 40. Kf3
Kd4 41. Bc6 Ke5 42. Bd7 Be7 43. Ke3 {Game drawn by mutual agreement} 1/2-1/2

[Event "Team 45 45 League T40"]
[Site "Internet Chess Club"]
[Date "2009.02.22"]
[Round "4"]
[White "simon2007"]
[Black "snottgoblin"]
[Result "1/2-1/2"]
[WhiteElo "1933"]
[BlackElo "2004"]
[Opening "Sicilian: Najdorf, 6.f4"]
[ECO "B93"]
[Time "12:00:29"]
[TimeControl "2700+45"]

1. e4 c5 2. Nf3 d6 3. d4 cxd4 4. Nxd4 Nf6 5. Nc3 a6 6. f4 e6 7. Qf3 Be7 8. g4
Qb6 9. Nb3 d5 10. e5 Ne4 11. Nxe4 dxe4 12. Qxe4 Bd7 13. Bg2 Bh4+ 14. Kd1 Bc6 15.
Qe2 Bxg2 16. Qxg2 O-O 17. c3 Nc6 18. Qe4 Rfd8+ 19. Kc2 Bf2 20. Rd1 Rxd1 21. Kxd1
a5 22. Nd2 Bg1 23. Nc4 Qf2 24. Qe2 Rd8+ 25. Nd6 Qxh2 26. Qxh2 Bxh2 27. Ke2 f6
28. Nxb7 Rb8 29. Nc5 fxe5 30. Nd7 Rb5 31. Nxe5 Nxe5 32. fxe5 Rxe5+ 33. Kf2 Re4
34. g5 e5 35. Be3 Bf4 36. Bxf4 Rxf4+ 37. Kg3 Kf7 38. Rd1 Ke6 39. Rh1 Kf5 {Game
drawn by mutual agreement} 1/2-1/2

[Event "Team 45 45 League T40"]
[Site "Internet Chess Club"]
[Date "2009.02.19"]
[Round "4"]
[White "Holzschlange"]
[Black "BadHabitMarco"]
[Result "0-1"]
[WhiteElo "1927"]
[BlackElo "2034"]
[Opening "Réti opening"]
[ECO "A04"]
[Time "16:11:54"]
[TimeControl "2700+45"]

1. Nf3 b5 2. e4 Bb7 3. Bxb5 Bxe4 4. Nc3 Bb7 5. O-O Nf6 6. d4 e6 7. Re1 Be7 8.
Bg5 O-O 9. Qe2 d6 10. Rad1 Nbd7 11. Bd3 Re8 12. Nb1 Rb8 13. b3 c5 14. Nbd2 Qc7
15. c4 cxd4 16. Nxd4 a6 17. Bb1 d5 18. cxd5 Nxd5 19. Bxe7 Nxe7 20. N2f3 Nf6 21.
Nxe6 fxe6 22. Qxe6+ Kh8 23. Ng5 Ned5 24. Nf7+ Kg8 25. Bxh7+ Kxh7 26. Ng5+ Kg6
27. Qh3 Rxe1+ 28. Rxe1 Kxg5 29. Qd3 Qf4 30. g3 Qf5 31. h4+ Kg6 32. h5+ Nxh5 33.
Re6+ Nhf6 34. Qe2 Kf7 {White resigns} 0-1

[Event "Team 45 45 League T40"]
[Site "Internet Chess Club"]
[Date "2009.02.22"]
[Round "4"]
[White "andy4226uk"]
[Black "TerryMalloy"]
[Result "1/2-1/2"]
[WhiteElo "1886"]
[BlackElo "1967"]
[Opening "Bishop's opening: Urusov gambit, Panov variation"]
[ECO "C24"]
[Time "18:11:27"]
[TimeControl "2700+45"]

1. e4 e5 2. Bc4 Nf6 3. d4 exd4 4. Nf3 d5 5. exd5 Bb4+ 6. c3 Qe7+ 7. Qe2 Qxe2+ 8.
Bxe2 dxc3 9. bxc3 Ba5 10. Bc4 O-O 11. O-O Nbd7 12. Ba3 Re8 13. d6 cxd6 14. Bxd6
Nb6 15. Bb3 Bf5 16. c4 Ne4 17. c5 Nc8 18. Rd1 Ncxd6 19. cxd6 Red8 20. Rd5 Rac8
21. Na3 Bc3 22. Rad1 Be6 23. R5d3 Bxb3 24. axb3 Bb4 25. Nb5 a6 26. d7 Rc5 27.
Rd4 f5 28. Rxb4 axb5 29. Rbd4 Kf7 30. Rd5 Ke6 31. Ng5+ Ke7 32. Nxe4 Rxd5 33.
Rxd5 fxe4 34. Re5+ Kf6 {Game drawn by mutual agreement} 1/2-1/2

[Event "Team 45 45 League T40"]
[Site "Internet Chess Club"]
[Date "2009.02.22"]
[Round "4"]
[White "irock"]
[Black "Paulkov"]
[Result "0-1"]
[WhiteElo "1612"]
[BlackElo "1837"]
[Opening "KP: Nimzovich defense"]
[ECO "B00"]
[Time "19:30:24"]
[TimeControl "2700+45"]

1. e4 Nc6 2. Nc3 d6 3. d4 Nf6 4. Nf3 Bg4 5. Be3 e6 6. Be2 Be7 7. O-O O-O 8. Nd2
Bxe2 9. Qxe2 d5 10. e5 Nd7 11. Qg4 Kh8 12. Nf3 Nb4 13. Rac1 c5 14. dxc5 Nc6 15.
b4 Ncxe5 16. Nxe5 Nxe5 17. Qf4 Bf6 18. Ne2 Nc4 19. Rcd1 Qe7 20. Ng3 g6 21. Rfe1
e5 22. Qf3 e4 23. Qf4 Nxe3 24. fxe3 Rad8 25. Ne2 Be5 26. Qg4 f5 27. Qh3 b6 28.
Nd4 Bxd4 29. exd4 bxc5 30. bxc5 Rb8 31. Rb1 Qf6 32. Qc3 f4 33. Rxb8 Rxb8 34. Rf1
g5 35. g3 f3 36. Kf2 Qe6 37. Ke3 Qa6 38. Rf2 Qxa2 39. c6 Rc8 40. Qc5 a5 41. c7
Qb1 42. Qxa5 Qc1+ 43. Qd2 Qxd2+ 44. Kxd2 Rxc7 45. h4 g4 46. Ke3 Rc3+ 47. Kf4 e3
48. Rf1 e2 49. Rb1 f2 50. Rb8+ Kg7 51. Rb7+ Kf8 52. Kxg4 f1=Q 53. Rb8+ Ke7 54.
Rb7+ Kd8 55. Rxh7 e1=Q 56. Rh8+ Kc7 57. Rh7+ Kb6 58. Rh6+ Ka5 59. Ra6+ Kxa6 60.
Kg5 Rxg3+ 61. Kh5 Qe8+ 62. Kh6 Qg6# {White checkmated} 0-1

[Event "Team 45 45 League T40"]
[Site "Internet Chess Club"]
[Date "2009.02.21"]
[Round "4"]
[White "Fidius"]
[Black "PandorasBox"]
[Result "1/2-1/2"]
[WhiteElo "2131"]
[BlackElo "2218"]
[Opening "Sicilian defense"]
[ECO "B33"]
[Time "16:03:17"]
[TimeControl "2700+45"]

1. e4 c5 2. Nf3 Nc6 3. d4 cxd4 4. Nxd4 Nf6 5. Nc3 e6 6. Nxc6 bxc6 7. e5 Nd5 8.
Ne4 Qc7 9. f4 Qa5+ 10. Bd2 Qb6 11. Rb1 Ne3 12. Qc1 Nxf1 13. Rxf1 Ba6 14. Rf2 d5
15. exd6 Qd4 16. d7+ Kxd7 17. Nc3 Bc5 18. Nd1 Qe4+ 19. Be3 Rad8 20. Rf3 Kc7 21.
Kf2 Bxe3+ 22. Nxe3 Qd4 23. Kg1 Qd2 24. Rf2 Qxc1+ 25. Rxc1 Rd7 26. Rd1 Rxd1+ 27.
Nxd1 Rd8 28. Ne3 {Game drawn by mutual agreement} 1/2-1/2

[Event "Team 45 45 League T40"]
[Site "Internet Chess Club"]
[Date "2009.02.19"]
[Round "4"]
[White "matein7"]
[Black "WarrenW"]
[Result "1/2-1/2"]
[WhiteElo "1907"]
[BlackElo "2092"]
[Opening "QGD: Cambridge Springs defense, Bogolyubov variation"]
[ECO "D52"]
[Time "21:30:16"]
[TimeControl "2700+45"]

1. d4 d5 2. c4 e6 3. Nc3 Nf6 4. Nf3 c6 5. Bg5 Nbd7 6. e3 Qa5 7. Nd2 Bb4 8. Qc2
O-O 9. Bf4 Ne4 10. Rc1 Nxd2 11. Qxd2 dxc4 12. Bxc4 Nb6 13. Bd3 Nd5 14. Be5 f6
15. Bg3 c5 16. O-O cxd4 17. exd4 Bd7 18. a3 Bxc3 19. bxc3 b5 20. Qe2 Rfc8 21.
Bd6 Qa6 22. Bc5 Nf4 23. Qe4 Nxd3 24. Qxd3 Qb7 25. Rfe1 Qd5 26. Re3 a6 27. Rh3
Qf5 28. Qxf5 exf5 29. Re3 Re8 30. Rce1 Rxe3 31. Rxe3 f4 32. Re7 Re8 33. Kf1 Rxe7
34. Bxe7 Kf7 35. Bd6 Ke6 36. Bxf4 Kd5 37. Ke2 Kc4 38. Kd2 g5 39. Bd6 f5 40. Be7
g4 41. f4 Bc6 {Game drawn by mutual agreement} 1/2-1/2

[Event "Team 45 45 League T40"]
[Site "Internet Chess Club"]
[Date "2009.02.20"]
[Round "4"]
[White "hewdondada"]
[Black "fishhead"]
[Result "1-0"]
[WhiteElo "1836"]
[BlackElo "1728"]
[Opening "Trompowsky attack (Ruth, Opocenský opening)"]
[ECO "A45"]
[Time "20:00:25"]
[TimeControl "2700+45"]

1. d4 Nf6 2. Bg5 Ne4 3. Bf4 d5 4. f3 Nd6 5. e4 dxe4 6. Nc3 Bf5 7. Bxd6 exd6 8.
fxe4 Bg6 9. Nf3 c6 10. Be2 Be7 11. O-O Nd7 12. Bd3 Qc7 13. Kh1 Bf6 14. Rb1 Bh5
15. Ne2 c5 16. Nf4 Bxf3 17. Qxf3 cxd4 18. Nd5 Qc8 19. Bb5 O-O 20. Bxd7 Qxd7 21.
Qxf6 gxf6 22. Nxf6+ Kg7 23. Nxd7 f6 24. Nxf8 {Black resigns} 1-0

[Event "Team 45 45 League T40"]
[Site "Internet Chess Club"]
[Date "2009.02.24"]
[Round "4"]
[White "Mater"]
[Black "RD1974"]
[Result "1-0"]
[WhiteElo "1695"]
[BlackElo "1584"]
[Opening "QGD: Chigorin defense"]
[ECO "D07"]
[Time "19:01:10"]
[TimeControl "2700+45"]

1. d4 d5 2. c4 Nc6 3. Nc3 dxc4 4. d5 Ne5 5. Bf4 Ng6 6. Bg3 a6 7. e4 Nf6 8. Bxc4
Bg4 9. Nge2 e5 10. O-O Bd6 11. Qd2 O-O 12. h3 Bd7 13. a3 h6 14. b4 Nh7 15. f4 f5
16. fxe5 Nxe5 17. Bxe5 Bxe5 18. Rad1 Kh8 19. Nf4 Bxf4 20. Rxf4 Qe7 21. Re1 fxe4
22. Rexe4 Qd6 23. Ne2 Ng5 24. Rxf8+ Rxf8 25. Rf4 Rxf4 26. Nxf4 Bf5 27. Qe3 Qd7
28. Qc5 Qd6 29. Qe3 Qd7 30. Bd3 Qf7 31. h4 Bxd3 32. hxg5 Bh7 33. gxh6 gxh6 34.
Ne6 h5 35. Qe5+ Kg8 36. Nxc7 Bf5 37. Ne8 Bg4 38. Qb8 Kh7 39. Qe5 Kg8 40. d6 Bd7
41. Nf6+ Kf8 42. Nxh5 Be6 43. Qh8+ Qg8 44. Qh6+ Kf7 45. Qf6+ {Black resigns} 1-0

[Event "Team 45 45 League T40"]
[Site "Internet Chess Club"]
[Date "2009.02.19"]
[Round "4"]
[White "aww-rats"]
[Black "nardz"]
[Result "1/2-1/2"]
[WhiteElo "2114"]
[BlackElo "2101"]
[Opening "Sicilian: wing gambit, Santasiere variation"]
[ECO "B20"]
[Time "19:00:39"]
[TimeControl "2700+45"]

1. e4 c5 2. b4 cxb4 3. c4 bxc3 4. Nxc3 e6 5. Nf3 b6 6. Bc4 Bb7 7. O-O Bb4 8. Bb2
Ne7 9. Qe2 O-O 10. d4 d5 11. Bd3 Bxc3 12. Bxc3 dxe4 13. Bxe4 Bxe4 14. Qxe4 Nd5
15. Bd2 Nd7 16. Rac1 N7f6 17. Qd3 a5 18. Ne5 Nb4 19. Bxb4 axb4 20. Nc6 Qd6 21.
Qb1 Nd5 22. Rc4 Rfc8 23. Ne5 b5 24. Rxc8+ Rxc8 25. Qd3 Nc3 26. Qf3 Rf8 27. a3
Nd5 28. axb4 Qxb4 29. Nd7 Rd8 30. Ne5 Rf8 31. Nd7 Rc8 32. Ne5 f6 33. Qg4 Qd6 34.
Nf3 Re8 35. Re1 b4 36. Nd2 Qf4 37. Qxf4 Nxf4 38. Rb1 Nd5 39. Kf1 Rc8 40. Ke1 Rc7
41. Rb3 Kf7 42. Ke2 Rc3 43. Rxc3 Nxc3+ 44. Kd3 g5 45. Nc4 Ke7 46. Ne3 Kd6 47.
Kc4 Ne2 48. g3 b3 49. Kxb3 Nxd4+ 50. Kc4 Nf3 51. Nf1 e5 52. Kd3 f5 53. Ke3 e4
54. g4 Ke5 55. gxf5 Nh4 56. Ng3 Ng2+ 57. Ke2 Nf4+ 58. Ke3 Nd5+ 59. Ke2 Kf4 60.
Kf1 Kf3 61. Nh5 e3 62. fxe3 Nxe3+ 63. Kg1 Nxf5 64. Nf6 h6 65. Nh5 Kg4 66. Nf6+
Kh3 67. Ne4 Kg4 68. Nf6+ Kf3 69. Nh5 Nd4 70. Nf6 Ne2+ 71. Kh1 Nf4 72. Kg1 h5 73.
Nh7 Nh3+ 74. Kf1 g4 75. Nf6 h4 76. Nd7 Ng5 77. Ne5+ Kf4 78. Ng6+ {Game drawn by
mutual agreement} 1/2-1/2

[Event "Team 45 45 League T40"]
[Site "Internet Chess Club"]
[Date "2009.02.22"]
[Round "4"]
[White "QueensCounselor"]
[Black "jonesey"]
[Result "1-0"]
[WhiteElo "1994"]
[BlackElo "1985"]
[Opening "Benkö gambit accepted"]
[ECO "A58"]
[Time "11:57:48"]
[TimeControl "2700+45"]

1. d4 Nf6 2. c4 c5 3. d5 b5 4. cxb5 a6 5. bxa6 Bxa6 6. g3 d6 7. Bg2 g6 8. b3 Bg7
9. Bb2 O-O 10. Nf3 Ne4 11. Bxg7 Kxg7 12. O-O Qa5 13. Nfd2 Nf6 14. Nc4 Bxc4 15.
bxc4 Nbd7 16. Nd2 Rfb8 17. Qc2 Rb4 18. Rfb1 Rxb1+ 19. Rxb1 Qxa2 20. Qb2 Ne5 21.
Bf1 Qxb2 22. Rxb2 Ra1 23. f3 Rc1 24. e4 Nd3 25. Rb3 Nb4 26. Kf2 Nd7 27. f4 Ra1
28. Rb2 Nb6 29. Be2 Na4 30. Rb3 Ra2 31. Nf3 Rc2 32. Ne1 Ra2 33. Ke3 Kf8 34. e5
f6 35. exf6 exf6 36. h3 Ke7 37. Kf3 f5 38. g4 Ra1 39. Nd3 fxg4+ 40. hxg4 Nc2 41.
Rb7+ Kf6 42. g5+ {Black resigns} 1-0

[Event "Team 45 45 League T40"]
[Site "Internet Chess Club"]
[Date "2009.02.22"]
[Round "4"]
[White "fledermaus"]
[Black "The7thGuest"]
[Result "1-0"]
[WhiteElo "2001"]
[BlackElo "2004"]
[Opening "King's Indian, 3.Nf3"]
[ECO "E60"]
[Time "14:03:55"]
[TimeControl "2700+45"]

1. d4 Nf6 2. Nf3 g6 3. c4 c5 4. d5 b5 5. cxb5 a6 6. b6 Qxb6 7. Nc3 d6 8. Nd2 Bg7
9. e4 O-O 10. Nc4 Qc7 11. a4 Nfd7 12. Be2 Ne5 13. O-O Nxc4 14. Bxc4 a5 15. Nb5
Qb6 16. Ra3 Na6 17. Rb3 Nb4 18. Bd2 Ba6 19. Bc3 Rfd8 20. Bxg7 Kxg7 21. Qd2 Bc8
22. f4 e6 23. f5 exf5 24. Rh3 h5 25. exf5 Bxf5 26. Rxf5 gxf5 27. Qg5+ Kf8 28.
Rxh5 Ke8 29. Nc7+ Kd7 30. Nxa8 Rxa8 31. Bb5+ {Black resigns} 1-0

[Event "Team 45 45 League T40"]
[Site "Internet Chess Club"]
[Date "2009.02.22"]
[Round "4"]
[White "sacsac-mate"]
[Black "PUUNTUUPPAAJA"]
[Result "1/2-1/2"]
[WhiteElo "2090"]
[BlackElo "2021"]
[Opening "QGD: Tarrasch, Prague variation, Normal position"]
[ECO "D34"]
[Time "15:00:05"]
[TimeControl "2700+45"]

1. d4 d5 2. c4 e6 3. Nc3 c5 4. cxd5 exd5 5. Nf3 Nc6 6. g3 Nf6 7. Bg2 Be7 8. O-O
O-O 9. dxc5 Bxc5 10. Bg5 d4 11. Bxf6 Qxf6 12. Nd5 Qd8 13. Nd2 Re8 14. Re1 Bg4
15. Nb3 Bf8 16. Nxd4 Nxd4 17. Qxd4 Bxe2 18. Qd2 Bb5 19. Rxe8 Bxe8 20. Rd1 Bc6
21. Ne3 Qxd2 22. Rxd2 Rc8 23. Bxc6 Rxc6 24. Rc2 Rxc2 25. Nxc2 f5 26. Ne3 g6 27.
h3 b5 28. b3 Kf7 29. Kf1 Ke6 30. Ke2 Ke5 31. Kd3 Bc5 32. f4+ Ke6 33. Nd1 a6 34.
a4 Kd6 35. axb5 axb5 36. Nc3 Kc6 37. g4 h5 38. gxh5 gxh5 39. Ne2 Bd6 40. Nd4+
Kd5 41. Nxb5 Bxf4 42. Nd4 Ke5 43. b4 Kf6 44. b5 Bc7 45. Ne2 Kg5 46. Nc3 Kh4 47.
Nd5 Be5 48. Ne7 Kxh3 49. Nxf5 Kg4 50. Ke4 Bc7 {Game drawn by mutual agreement}
1/2-1/2

[Event "Team 45 45 League T40"]
[Site "Internet Chess Club"]
[Date "2009.02.22"]
[Round "4"]
[White "mickeys"]
[Black "bigcol"]
[Result "1/2-1/2"]
[WhiteElo "1910"]
[BlackElo "1891"]
[Opening "Queen's pawn game"]
[ECO "D02"]
[Time "10:00:35"]
[TimeControl "2700+45"]

1. d4 d5 2. Nf3 e6 3. c4 f5 4. g3 Nf6 5. Bg2 c6 6. c5 Be7 7. O-O O-O 8. Nc3 Bd7
9. Qb3 Qc8 10. Bf4 Be8 11. Rac1 Bh5 12. Rfe1 Nbd7 13. Ne5 Nxe5 14. Bxe5 Nd7 15.
Bf4 g5 16. Be3 Rb8 17. Qc2 e5 18. dxe5 Nxe5 19. Qa4 a6 20. Qb3 Bf7 21. Bd4 Qe6
22. e4 fxe4 23. Nxe4 Qf5 24. Qc3 Ng6 25. Nf6+ Bxf6 26. Bxf6 Rbe8 27. Bd4 Be6 28.
Re3 Qxf2+ 29. Kh1 Qf7 30. Rce1 Bc8 31. Rf1 Qd7 32. Bf6 h6 33. Qd3 Qh7 34. Rxe8
Rxe8 35. Qf3 Rf8 36. Qc3 Qd7 37. Qd3 Qh7 38. Qc3 Qd7 39. Qd3 Qh7 {Game drawn by
mutual agreement} 1/2-1/2